 Dungeon Crawl Stone Soup version 0.32-a0-17-gb74e046682 (webtiles) character file.

Game seed: 11192148753486800001

116 Xavori the Trooper (level 5, -7/40 HPs)
             Began as a Djinni Chaos Knight on Jan 16, 2024.
             Was a Plaything of Xom.
             Killed by divine providence
             ... invoked by an orc priest
              (9 damage)
             ... on level 4 of the Dungeon.
             The game lasted 00:02:23 (4400 turns).

Xavori the Trooper (Djinni Chaos Knight)            Turns: 4400, Time: 00:02:24

Health: -7/40      AC:  8    Str: 14    XL:     5   Next: 21%
Gold:   233        EV: 12    Int: 17    God:    Xom [....*.] SH:  0 Dex: 10

rFire   + + .        a - +0 falchion (chaos)
rCold   x . .        (no shield)
rNeg    . . .        b - +2 leather armour
rPois   ∞            (no helmet)
rElec   .            (no cloak)
rCorr   .            i - +0 pair of gloves
SInv    .            (boots unavailable)
Will    +....        (no amulet)
Stlth   +            (no ring)
HPRegen 0.26/turn    (no ring)
MPRegen 0.00/turn

%: infuse magic (-8 HP)
@: flying, studying Ranged Weapons
A: sickness immunity, fire resistance 2, cold vulnerability 1, float, innate
caster, HP casting, extra vitality 1, iridescent scales 1, clever 1, clumsy 1,
strong-willed 1, strong 1, MP-powered wands
a: Renounce Religion


You were on level 4 of the Dungeon.
You worshipped Xom.
You were a beloved toy of Xom.
You visited 1 branch of the dungeon, and saw 4 of its levels.

You collected 233 gold pieces.

Inventory:

Hand Weapons
 a - a +0 falchion of chaos (weapon)
Armour
 b - a +2 leather armour (worn)
 i - a +0 pair of gloves (worn)
Wands
 o - a wand of paralysis (12)
Scrolls
 c - a scroll of butterflies
 d - 2 scrolls of identify {unknown}
 f - 2 scrolls of immolation {unknown}
 h - a scroll of amnesia {unknown}
 j - a scroll of teleportation {unknown}
 l - a scroll of enchant armour {unknown}
 n - a scroll of brand weapon {unknown}
Potions
 e - 2 potions of attraction {unknown}
 g - 2 potions of enlightenment {unknown}
 k - a potion of curing {unknown}
 m - a potion of heal wounds {unknown}
 p - a potion of brilliance {unknown}


   Skills:
 + Level 3.4 Fighting
 + Level 3.1 Long Blades
 + Level 1.9 Armour
 + Level 2.9 Dodging
 * Level 1.8 Spellcasting
 * Level 1.8 Conjurations
 * Level 1.8 Hexes
   Level 0.0 Charms
 * Level 1.8 Summonings
 * Level 1.8 Necromancy
 * Level 1.8 Translocations
   Level 0.0 Transmutations
 * Level 1.8 Fire Magic
 * Level 1.8 Ice Magic
 * Level 1.8 Air Magic
 * Level 1.8 Earth Magic
 * Level 1.8 Alchemy


You knew the following spells:

 Your Spells              Type           Power      Damage    Failure   Level
a - Magic Dart            Conj           28%        1d4       12%         1
b - Blink                 Tloc           14%        N/A       17%         2
Your spell library was empty.

Dungeon Overview and Level Annotations

Branches:
Dungeon (4/15)
 Temple: D:4-7

Altars:
Makhleb
Qazlal
Wu Jian


Innate Abilities, Weirdness & Mutations

You are immune to sickness and miasma.
You are immune to poison.
Your flesh is very heat resistant. (rF++)
You are vulnerable to cold. (rC-)
You float through the air rather than walking.
You learn spells naturally, not from books.
Your magical power is your life essence.
You have superior vitality. (+4 MHP)
You are partially covered in iridescent scales. (AC +2)
Your mind is acute. (Int +4, Str/Dex -1)
You are clumsy. (Dex -2)
You are strong-willed. (Will+)
Your muscles are strong. (Str +4, Int/Dex -1)
You expend health (3 HP) to strengthen your wands.


Message History

* * * LOW HITPOINT WARNING * * *
The orc closely misses you. The adder bites you.
* * * LOW HITPOINT WARNING * * *
Unknown command.
You closely miss the orc priest. The orc priest barely misses you.
The orc misses you. The adder bites you but does no damage.
The orc priest closely misses you. The orc closely misses you.
Unknown command.
You hit the orc priest.
The orc priest seems to slow down.
The orc priest is heavily wounded.
The adder barely misses you. The orc hits you but does no damage.
The adder bites you but does no damage.
You closely miss the orc priest.
The orc priest is heavily wounded.
The orc priest hits you but does no damage.
The adder bites you.
* * * LOW HITPOINT WARNING * * *
The orc closely misses you.
Unknown command.
You hit the orc priest. You freeze the orc priest.
The orc priest is almost dead.
The adder misses you. The orc closely misses you.
The orc priest hits you with a +0 whip of venom.
* * * LOW HITPOINT WARNING * * *
The adder bites you but does no damage.
Unknown command.
You barely miss the orc priest.
The orc priest is almost dead.
The orc hits you with a +0 hand axe.
* * * LOW HITPOINT WARNING * * *
The adder bites you.
* * * LOW HITPOINT WARNING * * *
The orc priest barely misses you.
You barely miss the orc priest.
The orc priest is almost dead.
The adder barely misses you. The orc hits you but does no damage.
The adder barely misses you.
The orc priest invokes the aid of Beogh against you.
Beogh smites you!
You die...

####### ##.....##
##..o....##
#..o@.....#
#...S.....#
#.........#
#.........#
#.........#
##.......## #
.......... .####
#.........##....##
###.......#.......


You could see an orc priest (slow), an adder and an orc.

Vanquished Creatures
  4 adders
  6 dart slugs
  2 orcs (D:3)
  7 endoplasms
  A giant cockroach (D:3)
  7 goblins
  10 hobgoblins
  2 quokkas
  5 ball pythons
  4 bats
  3 frilled lizards
  7 kobolds
  2 rats
60 creatures vanquished.

Vanquished Creatures (collateral kills)
  An orc (D:4)
1 creature vanquished.

Vanquished Creatures (others)
  An eldritch tentacle (D:4)
1 creature vanquished.

Grand Total: 62 creatures vanquished

Notes
Turn   | Place    | Note
-------+----------+-------------------------------------------
     0 | D:1      | Xavori the Djinni Chaos Knight began the quest for the Orb.
     0 | D:1      | Reached XP level 1. HP: 20/20 MP: 0/0
   113 | D:1      | Reached XP level 2. HP: 14/25 MP: 0/0
   343 | D:1      | XOM: divination: magic mapping
   376 | D:1      | Reached XP level 3. HP: 27/30 MP: 0/0
   376 | D:1      | Learned a level 1 spell: Magic Dart
   397 | D:1      | Reached skill level 1 in Spellcasting
   397 | D:1      | Reached skill level 1 in Conjurations
   397 | D:1      | Reached skill level 1 in Hexes
   397 | D:1      | Reached skill level 1 in Summonings
   397 | D:1      | Reached skill level 1 in Necromancy
   397 | D:1      | Reached skill level 1 in Translocations
   397 | D:1      | Reached skill level 1 in Fire Magic
   397 | D:1      | Reached skill level 1 in Ice Magic
   397 | D:1      | Reached skill level 1 in Air Magic
   397 | D:1      | Reached skill level 1 in Earth Magic
   397 | D:1      | Reached skill level 1 in Alchemy
   683 | D:1      | XOM: god gift: orcbow {god gift}
   971 | D:1      | XOM: scenery: 1 doors close
  2276 | D:1      | XOM: give mutations
  2276 | D:1      | Gained mutation: You expend health (3 HP) to strengthen
                  | your wands. [Xom's grace]
  2276 | D:1      | Gained mutation: Your movements are slightly less
                  | encumbered by armour. (ER -2) [Xom's grace]
  2276 | D:1      | Gained mutation: You are strong-willed. (Will+) [Xom's
                  | grace]
  2276 | D:1      | Gained mutation: Your mind is acute. (Int +4, Str/Dex -1)
                  | [Xom's grace]
  2752 | D:1      | XOM: give mutations
  2752 | D:1      | Gained mutation: You are partially covered in iridescent
                  | scales. (AC +2) [Xom's mischief]
  2752 | D:1      | Lost mutation: Your movements are slightly less encumbered
                  | by armour. (ER -2) [Xom's mischief]
  2752 | D:1      | Gained mutation: You are clumsy. (Dex -2) [Xom's mischief]
  2752 | D:1      | Gained mutation: Your muscles are strong. (Str +4, Int/Dex
                  | -1) [Xom's mischief]
  3177 | D:2      | Found a burning altar of Makhleb.
  3262 | D:2      | Reached XP level 4. HP: 35/35 MP: 0/0
  3529 | D:2      | XOM: god gift: book of Winter
  3598 | D:3      | XOM: cast spell 'Iskenderun's Battlesphere'
  3718 | D:3      | Found a faded altar of an unknown god.
  3822 | D:3      | XOM: 1-stop teleportation journey
  3956 | D:3      | Reached XP level 5. HP: 40/40 MP: 0/0
  3956 | D:3      | Learned a level 2 spell: Blink
  4058 | D:3      | XOM: 8-stop teleportation journey
  4060 | D:3      | Found an ornate altar of the Wu Jian Council.
  4096 | D:3      | Found a stormy altar of Qazlal.
  4098 | D:3      | Noticed a fire elemental
  4098 | D:3      | Noticed a water elemental
  4098 | D:3      | Noticed an air elemental
  4367 | D:4      | Noticed an ogre
  4368 | D:4      | XOM: cast spell 'Malign Gateway'
  4389 | D:4      | XOM: enchant monster (good)
  4390 | D:4      | XOM: silly message
  4391 | D:4      | XOM: 4-stop teleportation journey
  4393 | D:4      | XOM: polymorph orc -> adder
  4399 | D:4      | HP: 2/40 [adder (1)]
  4400 | D:4      | Killed from afar by an orc priest

Illustrated notes

Levels and vault maps discovered:
D:1:      minmay_arrival_loop, layout_loops_ring, roderic_st_hans_cross
D:2:      cheibrodos_old_hovel, layout_basic, basic_altar
D:3:      layout_basic, old_standard_altar, nicolae_qazlal_style_of_elements,
          chequers_ecumenical_altar_island, minmay_checkerbox
D:4:      layout_rooms, nicolae_tso_swordbearing_angel, guppyfry_early_orc_mine,
          uniq_grinder

Skill      XL: |  1  2  3 |
---------------+----------+-----
Spellcasting   | 1 |  1.8
Conjurations   | 1 |  1.8
Hexes          | 1 |  1.8
Summonings     | 1 |  1.8
Necromancy     | 1 |  1.8
Translocations | 1 |  1.8
Fire Magic     | 1 |  1.8
Ice Magic      | 1 |  1.8
Air Magic      | 1 |  1.8
Earth Magic    | 1 |  1.8
Alchemy        | 1 |  1.8
Long Blades    | 3 |  3.1
Fighting       | |  3.4
Armour         | |  1.9
Dodging        | |  2.9

Action                     |  1- 3 |  4- 6 || total
---------------------------+-------+-------++-------
  Melee: Falchion          |    82 |   130 ||   212
         Punch             |     2 |     1 ||     3
   Cast: Magic Dart        |       |     3 ||     3
         Blink             |       |     1 ||     1
 Armour: Leather armour    |    42 |    75 ||   117
  Dodge: Dodged            |    39 |    90 ||   129

Table legend: (Time is in decaauts)
 A = Elapsed time spent in this place.
 B = Non-inter-level travel time spent in this place.
 C = Inter-level travel time spent in this place.
 D = Time resting spent in this place.
 E = Time spent auto-exploring this place.
 F = Levels seen in this place.
 G = Mean time per level.
                   A        B        C        D        E       F      G
               +--------+--------+--------+--------+--------+-----+--------+
         Total |   4434 |   4389 |     45 |   2092 |   1813 |   4 | 1108.5 |
       Dungeon |   4434 |   4389 |     45 |   2092 |   1813 |   4 | 1108.5 |
               +--------+--------+--------+--------+--------+-----+--------+

Top non-repeatable levels by time:
     D:1: 2958 daAuts
     D:3: 747 daAuts
     D:2: 656 daAuts
     D:4: 72 daAuts
